 Dungeon Crawl Stone Soup version 0.25.0-1-g7eea58d2a3 (webtiles) character file.

Game seed: 10186886790764341434

(classic levelgen) 230 EnegeticOcto the Pannier (level 6, 0/43 HPs)
             Began as a Formicid Fire Elementalist on June 13, 2020.
             Was an Initiate of Nemelex Xobeh.
             Slain by a scorpion (8 damage)
             ... on level 3 of the Dungeon.
             The game lasted 00:08:11 (2297 turns).

EnegeticOcto the Pannier (FoFE)                     Turns: 2297, Time: 00:08:12

Health: 0/43       AC:  2    Str: 11 (14) XL:     6   Next: 24%
Magic:  9/9        EV: 12    Int: 13 (15) God:    Nemelex Xobeh [......]
Gold:   133        SH:  0    Dex: 10 (11) Spells: 5/9 levels left

rFire    . . .     SeeInvis +   w - +0 war axe
rCold    . . .     Gourm    .   (no shield)
rNeg     . . .     Faith    .   a - +0 robe
rPois    .         Spirit   .   (helmet unavailable)
rElec    .         Reflect  .   (no cloak)
rCorr    .         Harm     .   (no gloves)
MR       .....                  (no boots)
Stlth    ++........             l - amulet of magic regeneration
HPRegen  0.14/turn              (no ring)
MPRegen  0.36/turn              (no ring)

@: lethally poisoned (0 -> -6), very slightly contaminated
A: permanent stasis, dig shafts and tunnels, four strong arms, antennae 3
a: Dig, Shaft Self, Draw Escape, Draw Destruction, Draw Summoning, Renounce
Religion


You were on level 3 of the Dungeon.
You worshipped Nemelex Xobeh.
Nemelex Xobeh was noncommittal.
You were not hungry.

You visited 1 branch of the dungeon, and saw 3 of its levels.

You collected 133 gold pieces.

Inventory:

Hand Weapons
 f - a +0 dagger
 p - a +0 spear
 w - a +0 war axe (weapon)
Missiles
 b - 49 stones (quivered)
 h - 28 poisoned darts
 k - 7 boomerangs
Armour
 a - a +0 robe (worn)
 i - a +1 plate armour of poison resistance
Jewellery
 d - an uncursed ring of see invisible {unknown}
 l - an amulet of magic regeneration (around neck)
 v - a cursed ring of attention {unknown}
Scrolls
 g - a scroll of identify {unknown}
 j - a scroll of fog {unknown}
 n - a scroll of teleportation {unknown}
 o - a scroll of immolation
 q - a scroll of blinking {unknown}
 t - a scroll of random uselessness {unknown}
 u - a scroll of fear {unknown}
 y - a scroll of magic mapping {unknown}
Potions
 c - 3 potions of degeneration
 m - a potion of lignification {unknown}
 s - a potion of brilliance {unknown}
 x - a potion of mutation {unknown}
 z - a potion of curing {unknown}
Comestibles
 e - 4 rations
 r - 5 chunks of flesh


   Skills:
 + Level 1.4 Fighting
 * Level 0.1 Axes
 - Level 1.7 Dodging
 - Level 3.0 Stealth
 - Level 2.1 Spellcasting
 - Level 3.0 Conjurations
 - Level 3.7 Fire Magic
 - Level 4.0 Invocations


You had 5 spell levels left.
You knew the following spells:

 Your Spells              Type           Power        Failure   Level  Hunger
a - Conjure Flame         Conj/Fire      ##......     19%         3    ####...
b - Foxfire               Conj/Fire      ##..         6%          1    ##.....

Your spell library contained the following spells:

 Spells                   Type           Power        Failure   Level  Hunger
 Beastly Appendage        Tmut           #.....       26%         1    ##.....
 Inner Flame              Hex/Fire       #.......     34%         3    ####...
 Sticks to Snakes         Tmut           #.......     36%         2    ###....
 Sticky Flame             Conj/Fire      ##......     54%         4    #####..
 Spider Form              Tmut/Pois      #.........   58%         3    ####...
 Fireball                 Conj/Fire      ##........   87%         5    ######.
 Ice Form                 Ice/Tmut       #.......     94%         4    #####..
 Blade Hands              Tmut           #.........   100%        5    ######.


Dungeon Overview and Level Annotations

Branches:
Dungeon (3/15)

Altars:
Nemelex Xobeh


Innate Abilities, Weirdness & Mutations

You cannot be hasted, slowed, berserked, paralysed or teleported.
You can dig through walls and to a lower floor.
Your four strong arms can wield two-handed weapons with a shield.
You have a pair of large antennae on your head. (SInv)


Message History

The goblin is severely wounded.
The goblin misses you.
A goblin is nearby!
The foxfire hits the goblin.
You kill the goblin!
Your foxfire dissipates! x2
Things that are here:
a +0 dagger; a goblin corpse You sense a monster nearby.
A goblin comes into view.
Casting: Foxfire (safe; 5% risk of failure)
Confirm with . or Enter, or press ? or * to list all spells.
You conjure some foxfire!
Casting: Foxfire (safe; 5% risk of failure)
Confirm with . or Enter, or press ? or * to list all spells.
You conjure some foxfire!
The foxfire hits the goblin.
You kill the goblin!
A scorpion comes into view.
Found a club.
A scorpion is nearby!
A kobold comes into view.
Found 18 gold pieces.
The kobold shouts!
The kobold throws a stone.
The stone hits you.
Some of the chunks of flesh in your inventory have rotted away.
A rat comes into view.
The kobold throws a stone.
The stone barely misses you.
You see here a stone.
Casting: Foxfire (safe; 5% risk of failure)
Confirm with . or Enter, or press ? or * to list all spells.
You conjure some foxfire!
A bat comes into view.
The kobold throws a stone.
The stone hits you but does no damage.
Casting: Foxfire (safe; 5% risk of failure)
Confirm with . or Enter, or press ? or * to list all spells.
You conjure some foxfire!
The foxfire hits the scorpion but does no damage.
The scorpion stings you.
Casting: Foxfire (safe; 5% risk of failure)
Confirm with . or Enter, or press ? or * to list all spells.
You conjure some foxfire!
The foxfire hits the scorpion.
The scorpion is lightly wounded.
The foxfire hits the scorpion.
The scorpion is moderately wounded.
The foxfire hits the scorpion but does no damage.
The scorpion is moderately wounded.
The foxfire hits the bat.
You kill the bat!
The scorpion stings you.
Casting: Foxfire (safe; 5% risk of failure)
Confirm with . or Enter, or press ? or * to list all spells.
You conjure some foxfire!
The foxfire hits the scorpion.
The scorpion is heavily wounded.
The scorpion stings you.
You are poisoned.
The scorpion poisons you!
Casting: Foxfire (safe; 5% risk of failure)
Confirm with . or Enter, or press ? or * to list all spells.
You conjure some foxfire!
You feel sick.
The foxfire hits the scorpion.
The scorpion is severely wounded.
The foxfire hits the scorpion but does no damage.
The scorpion is severely wounded.
The scorpion stings you. The kobold misses you.
Casting: Foxfire (safe; 5% risk of failure)
Confirm with . or Enter, or press ? or * to list all spells.
You conjure some foxfire!
You feel sick.
The foxfire hits the rat.
You kill the rat!
The scorpion barely misses you. The kobold misses you.
Casting: Foxfire (safe; 5% risk of failure)
Confirm with . or Enter, or press ? or * to list all spells.
You miscast Foxfire.
You are very lightly contaminated with residual magic.
Nothing appears to happen.
You feel sick.
The foxfire hits the scorpion.
The scorpion is severely wounded.
The foxfire hits the scorpion but does no damage.
The scorpion is severely wounded.
The foxfire hits the scorpion but does no damage.
The scorpion is severely wounded.
The scorpion stings you.
You are more poisoned.
The scorpion poisons you! The kobold barely misses you.
You feel sick.
You feel sick.
You feel sick.
You feel sick.
You feel sick.
You feel sick.
You feel sick.
You feel sick.
You feel sick.
You feel sick.
Okay, then.
You feel sick.
You feel sick.
It was a potion of degeneration.
There was something very wrong with that liquid.
You feel weakened.
You feel dopey.
You feel clumsy.
You feel sick. The scorpion stings you!
You die...
Your body disappears without a glow.

#.#.# #.######..#######
#.#.# #.# #...# .....
..# #.#.# # #.#†# #.#
#.#.# #.#.#.# #.# #.#.#
####.#.#.###.# #.#.#
#............# #.#.#
###.####.#.###.######.#
.....###.#.###Ks@.....#
#...(.........#########
.....###.#.##.$......
)..... #.#.##########
...........#
......##.### .....###.#
#...## #.# #### #.#


You could see a scorpion and a kobold.

Vanquished Creatures
  An orc priest (D:3)
  A hound (D:2)
  An orc wizard (D:3)
  3 adders (D:2)
  4 worms (D:2)
  2 dart slugs (D:1)
  2 leopard geckos
  4 orcs (D:3)
  5 bats
  6 giant cockroaches
  6 goblins
  6 hobgoblins
  3 jackals (D:3)
  3 kobolds
  A quokka (D:2)
  A frilled lizard (D:2)
  7 rats
  A fungus (D:1)
57 creatures vanquished.

Vanquished Creatures (collateral kills)
  A black bear (D:2)
  A frilled lizard (D:1)
  A rat (D:1)
3 creatures vanquished.

Vanquished Creatures (others)
  212 foxfires
212 creatures vanquished.

Grand Total: 272 creatures vanquished

Notes
Turn   | Place    | Note
-------+----------+-------------------------------------------
     0 | D:1      | EnegeticOcto the Formicid Fire Elementalist began the quest
                  | for the Orb.
     0 | D:1      | Reached XP level 1. HP: 13/13 MP: 3/3
   118 | D:1      | Reached skill level 1 in Conjurations
   321 | D:1      | Reached XP level 2. HP: 19/19 MP: 0/5
   404 | D:1      | Reached skill level 3 in Stealth
   590 | D:1      | Reached skill level 2 in Conjurations
   690 | D:1      | Reached XP level 3. HP: 24/24 MP: 0/6
  1150 | D:2      | Learned a level 3 spell: Conjure Flame
  1159 | D:2      | Found a sparkling altar of Nemelex Xobeh.
  1175 | D:2      | Became a worshipper of Nemelex Xobeh the Trickster
  1227 | D:2      | Reached skill level 3 in Conjurations
  1227 | D:2      | Reached XP level 4. HP: 30/30 MP: 3/7
  1260 | D:2      | Reached skill level 1 in Invocations
  1261 | D:2      | Received a gift from Nemelex Xobeh
  1359 | D:2      | Reached skill level 2 in Invocations
  1359 | D:2      | Reached XP level 5. HP: 21/35 MP: 4/8
  1549 | D:2      | Noticed a black bear
  1791 | D:2      | Reached skill level 3 in Invocations
  1812 | D:2      | Killed a black bear
  1812 | D:2      | Reached skill level 4 in Invocations
  2054 | D:3      | Reached XP level 6. HP: 39/41 MP: 3/9
  2141 | D:3      | Received a gift from Nemelex Xobeh
  2152 | D:3      | Reached skill level 1 in Fighting
  2297 | D:3      | Slain by a scorpion

Illustrated notes

Levels and vault maps discovered:
D:1:      dpeg_arrival_prison, layout_basic, hex_medium
D:2:      layout_rooms, nicolae_overflow_crystal_walls, first_ration
D:3:      layout_loops_ring, chequers_ecumenical_altar_lobes

Skill      XL: |  1  2  3  4  5  6 |
---------------+-------------------+-----
Conjurations   | 1 2 3 |  3.0
Stealth        | 3 |  3.0
Invocations    | 2 4 |  4.0
Fighting       | 1 |  1.4
Axes           | |  0.1
Dodging        | |  1.7
Spellcasting   | |  2.1
Fire Magic     | |  3.7

Action                   |  1- 3 |  4- 6 || total
-------------------------+-------+-------++-------
Melee: Unarmed           |    56 |       ||    56
       Dagger            |     5 |    14 ||    19
Throw: Stone             |     6 |       ||     6
 Cast: Foxfire           |    60 |    73 ||   133
Invok: Draw Destruction  |       |     3 ||     3
       Draw Summoning    |       |     1 ||     1
 Abil: Dig               |       |     1 ||     1
  Use: Scroll            |       |     1 ||     1
       Potion            |       |     1 ||     1
  Eat: Chunk             |     2 |     5 ||     7
Armor: Robe              |    10 |    11 ||    21
Dodge: Dodged            |    23 |    33 ||    56
